 Dungeon Crawl Stone Soup version 0.31.0-32-g396128a36d (webtiles) character file.

Game seed: 3803149446602708006

175 nitefall the Chopper (level 5, 0/40 (47) HPs)
             Began as a Minotaur Berserker on Apr 23, 2024.
             Was a Believer of Trog.
             Slain by a lich (4 damage)
             ... on level 2 of the Abyss.
             The game lasted 00:03:05 (2158 turns).

nitefall the Chopper (Minotaur Berserker)           Turns: 2158, Time: 00:03:05

HP:   0/40 (47)     AC: 10    Str: 21    XL:     5   Next: 29%
MP:   0/4           EV:  9    Int:  4    God:    Trog [**....]
Gold: 89            SH:  0    Dex: 12    Spells: 4/4 levels left

rFire   . . .        a - +0 hand axe
rCold   . . .        (no shield)
rNeg    . . .        h - +0 chain mail
rPois   .            (helmet restricted)
rElec   .            o - +0 cloak
rCorr   .            (no gloves)
SInv    .            (no boots)
Will    .....        d - amulet of guardian spirit Stlth
                     j - ring of flight
HPRegen 0.26/turn    (no ring)
MPRegen 0.09/turn

%: guardian spirit
@: on berserk cooldown, flying, slowed, heavily drained, very slow
A: horns 2, retaliatory headbutt
a: Renounce Religion, Berserk, Trog's Hand


You were on level 2 of the Abyss.
You worshipped Trog.
Trog was pleased with you.
You visited 1 branch of the dungeon, and saw 3 of its levels.
You visited the Abyss 1 time.

You collected 89 gold pieces.

Inventory:

Hand Weapons
 a - a +0 hand axe (weapon)
Missiles
 e - 7 stones (quivered)
 n - a throwing net
Armour
 b - a +0 animal skin
 h - a +0 chain mail (worn)
 o - a +0 cloak (worn)
Jewellery
 d - an amulet of guardian spirit (around neck)
 j - a ring of flight (left hand)
Scrolls
 c - 2 scrolls of torment {unknown}
 k - a scroll of revelation {unknown}
 l - a scroll of enchant weapon {unknown}
 m - 4 scrolls of identify {unknown}
 p - a scroll of noise {unknown}
Potions
 f - 2 potions of curing {unknown}
 g - a potion of invisibility {unknown}
 i - 2 potions of might {unknown}


   Skills:
 + Level 4.4 Fighting
 * Level 4.8 Axes
 + Level 1.6 Throwing
 + Level 3.3 Armour
 + Level 3.0 Dodging
 + Level 2.1 Shields


You had 4 spell levels left.
You didn't know any spells.
Your spell library was empty.

Dungeon Overview and Level Annotations

Branches:
Dungeon (3/15)

Altars:
Ru

Annotations:
D:3 Sigmund


Innate Abilities, Weirdness & Mutations

You have a pair of horns on your head.
You reflexively headbutt those who attack you in melee.


Message History

Something touches you.
You feel drained.
You closely miss something. Your headbutt misses something.
Something touches you.
You closely miss something. Your headbutt misses something.
You hear some strange, mumbled words.
You feel as though you will be slow longer.
Something touches you.
You barely miss something. Your headbutt misses something.
Something touches you but does no damage.
Something touches you!
You closely miss something. Something touches you.
You feel drained.
You slash something! Something completely misses you. Something touches you.
You feel drained.
You slash something! Your headbutt misses something.
Something completely misses you.
You hit something. Your headbutt misses something. Something touches you.
Something touches you but does no damage.
You hit something. Something touches you.
You slash something! Your headbutt misses something. Something touches you.
* * * LOW HITPOINT WARNING * * *
Something touches you.
* * * LOW HITPOINT WARNING * * *
You barely miss something. Something touches you.
* * * LOW HITPOINT WARNING * * *
You feel drained.
* * * LOW HITPOINT WARNING * * *
Something touches you but does no damage.
You miss something. You headbutt something! Something touches you.
* * * LOW HITPOINT WARNING * * *
You miss something. You headbutt something.
You are no longer berserk.
You are exhausted.
You feel as though you will be slow longer.
Something touches you but does no damage.
Something completely misses you.
You closely miss something.
You hear some strange, mumbled words.
You feel as though you will be slow longer.
Something touches you.
You die...

. .#.#. . .#
. #. # ⌠.⌠#..
##.####.#.# #
.#... ..#
..#.. # ...
.#.#.. #..
##.####.#..##
## #....#...#
...
..##.....#
#.# #.#
#...### .
##@# .#
#{......#
.#.####.. ##
.. . #.. ...
##.# ..


There were no monsters in sight!

Vanquished Creatures
  An orc wizard (D:3)
  Robin (D:2)
  3 gnolls (D:3)
  2 adders
  2 dart slugs
  5 orcs (D:3)
  5 endoplasms
  A giant cockroach (D:1)
  19 goblins
  7 hobgoblins
  4 jackals (D:3)
  3 quokkas
  7 ball pythons
  3 bats (D:1)
  4 frilled lizards
  5 kobolds
  5 rats
77 creatures vanquished.

Notes
Turn   | Place    | Note
-------+----------+-------------------------------------------
     0 | D:1      | nitefall the Minotaur Berserker began the quest for the
                  | Orb.
     0 | D:1      | Reached XP level 1. HP: 19/19 MP: 0/0
   172 | D:1      | Reached XP level 2. HP: 27/27 MP: 1/1
   661 | D:1      | Reached XP level 3. HP: 33/33 MP: 2/2
   919 | D:2      | Noticed Robin
   925 | D:2      | Reached skill level 1 in Shields
   933 | D:2      | Killed Robin
   993 | D:2      | Reached ** piety under Trog
   994 | D:2      | Reached skill level 1 in Throwing
  1135 | D:2      | Reached XP level 4. HP: 40/40 MP: 3/3
  1602 | D:3      | Identified the +0 ring mail "Noacits Qeat" {Int+2 SInv}
  1853 | D:3      | Found a sacrificial altar of Ru.
  1922 | D:3      | Reached XP level 5. HP: 47/47 MP: 4/4
  2097 | D:3      | Noticed Sigmund
  2107 | Abyss:2  | Cast into level 2 of the Abyss (Sigmund)
  2136 | Abyss:2  | Noticed a lich
  2158 | Abyss:2  | Slain by a lich

Illustrated notes

Levels and vault maps discovered:
D:1:      lightli_arrival_statue_moat, layout_loops_cross, nrook_campfire,
          fountainhead, minmay_pentomino_o2
D:2:      layout_basic, uniq_robin
D:3:      layout_basic, lemuel_crystal_altar, uniq_sigmund
Abyss:2:  base:
Temple

Skill      XL: |  1  2  3  4  5 |
---------------+----------------+-----
Axes           | 4 |  4.8
Fighting       | 4 |  4.4
Shields        | 1 2 |  2.1
Throwing       | 1 |  1.6
Armour         | 3 |  3.3
Dodging        | 3 |  3.0

Action                     |  1- 3 |  4- 6 || total
---------------------------+-------+-------++-------
  Melee: Hand axe          |    73 |    89 ||   162
         Headbutt          |    10 |    11 ||    21
         Punch             |     3 |     1 ||     4
 Invoke: Berserk           |       |     2 ||     2
         Trog's Hand       |       |     1 ||     1
   Stab: Sleeping          |     1 |       ||     1
 Armour: Animal skin       |    21 |       ||    21
         Chain mail        |    39 |    75 ||   114
  Dodge: Dodged            |    38 |    24 ||    62
